[Event "Titled Tuesday Blitz March 21 Late 2023"]
[White "Timmermans, Mark"]
[Black "Chigaev, Maksim"]
[WhiteFideId "1026399"]
[BlackFideId "4108116"]
[WhiteElo "2460"]
[BlackElo "2547"]
[Result "1-0"]
[Round "09"]
[TimeControl "180+2"]
[Date "2023.03.21"]
[WhiteClock "0:00:12"]
[BlackClock "0:00:05"]

1. b4 d5 2. Bb2 Nf6 3. b5 c5 4. e3 g6 5. c4 Bg7 6. Nf3 d4 7. exd4 Ng4 8. h3 Nh6 9. Be2 O-O 10. O-O Nf5 11. a4 Nd7 12. d3 Nxd4 13. Nxd4 Bxd4 14. Bxd4 cxd4 15. Nd2 Nc5 16. Nb3 Qd6 17. Nxc5 Qxc5 18. Bf3 Rb8 19. a5 e5 20. Re1 Kg7 21. Bd5 f6 22. Qc1 g5 23. Qa3 Qxa3 24. Rxa3 Bd7 25. b6 a6 26. g4 Rfc8 27. f3 Bc6 28. Bxc6 Rxc6 29. Kf2 Rh8 30. h4 gxh4 31. Rh1 h5 32. Rxh4 hxg4 33. Rxg4+ Kf7 34. Ra1 Rc5 35. Rg2 Rh7 36. Rg3 Ke6 37. Rg8 Kf5 38. Kg3 Ke6 39. Rb8 Rc6 40. Kf2 Kd6 41. Rg1 Kc5 42. Rb1 Rh2+ 43. Kg3 Rh7 44. Rd8 f5 45. Rd5# 1-0


[Site "https://www.chess.com"]

[Event "Titled Tuesday Blitz March 21 Late 2023"]
[White "Drygalov, Andrey"]
[Black "Tanenbaum, Zachary"]
[WhiteFideId "24171735"]
[BlackFideId "2060850"]
[WhiteElo "2471"]
[BlackElo "2175"]
[Result "1-0"]
[Round "09"]
[TimeControl "180+2"]
[Date "2023.03.21"]
[WhiteClock "0:00:31"]
[BlackClock "0:00:02"]

1. e4 e5 2. Nf3 Nc6 3. Bc4 Nf6 4. d3 Be7 5. O-O O-O 6. Re1 d6 7. a4 Be6 8. Nbd2 a6 9. a5 h6 10. h3 Qd7 11. Nf1 Bxc4 12. dxc4 Qe6 13. b3 Nh5 14. Ne3 Rae8 15. Nf5 Bd8 16. c3 Nf6 17. Ng3 Ne7 18. Be3 Ng6 19. Qd2 Nh7 20. Rad1 Nh4 21. Nxh4 Bxh4 22. Nf5 Bg5 23. h4 Bxe3 24. Rxe3 h5 25. Qd5 Qxd5 26. cxd5 g6 27. Ng3 Nf6 28. f3 Kg7 29. b4 Rc8 30. Ne2 Rfe8 31. Red3 Re7 32. Kf2 Ree8 33. c4 Re7 34. c5 Ree8 35. Rc3 Red8 36. c6 Rb8 37. Rb1 b5 38. axb6 Rxb6 39. Rc4 a5 40. b5 Rdb8 41. Nc3 Ra8 42. Ra4 Ne8 43. Rba1 Kf6 44. Rxa5 Rxa5 45. Rxa5 Ke7 46. Ra8 f6 47. Ke2 Kf7 48. Kd3 Ke7 49. Kc4 g5 50. Na4 gxh4 51. Nxb6 cxb6 52. Ra7+ Kd8 53. Rd7+ Kc8 54. Rh7 Kd8 55. Rxh5 Ke7 56. Rxh4 f5 57. exf5 Kf6 58. g4 e4 59. fxe4 Ke7 60. g5 Kd8 61. Rh7 Kc8 62. f6 Kd8 63. f7 Ng7 64. f8=Q+ Kc7 65. Rxg7# 1-0


[Site "https://www.chess.com"]

[Event "Titled Tuesday Blitz March 21 Late 2023"]
[White "Plat, Vojtech"]
[Black "Korchmar, Vasiliy"]
[WhiteFideId "325740"]
[BlackFideId "24131750"]
[WhiteElo "2542"]
[BlackElo "2370"]
[Result "1/2-1/2"]
[Round "09"]
[TimeControl "180+2"]
[Date "2023.03.21"]
[WhiteClock "0:00:09"]
[BlackClock "0:00:04"]

1. e4 c5 2. Nf3 d6 3. c3 Nf6 4. Bc4 Nc6 5. Qe2 e6 6. Bb3 Be7 7. O-O O-O 8. d4 d5 9. e5 Ne4 10. Nbd2 cxd4 11. cxd4 Nxd2 12. Bxd2 f6 13. exf6 Bxf6 14. Bc3 Bd7 15. Rfe1 Qb6 16. Rad1 Rae8 17. Bc2 Rf7 18. Ne5 Nxe5 19. dxe5 Be7 20. Bd4 Bc5 21. Bxh7+ Kxh7 22. Qc2+ Kg8 23. Bxc5 Qa6 24. Qd2 Qxa2 25. Ra1 Qc4 26. Bxa7 Bc6 27. Bd4 Ref8 28. Rec1 Qb3 29. Ra3 Qb5 30. Rg3 Rf4 31. Be3 R4f5 32. Qd4 Qe2 33. h4 R8f7 34. b4 Qh5 35. Ra1 Qe2 36. Rg5 Rxg5 37. hxg5 g6 38. Ra8+ Kg7 39. Qh4 Qd1+ 40. Kh2 Qh5 41. Qxh5 gxh5 42. Kg3 Kg6 43. Rg8+ Kf5 44. g6 Rd7 45. g7 Kg6 46. Rf8 Kxg7 47. Rf6 d4 48. Bh6+ Kh7 49. Rxe6 d3 50. Bd2 Rg7+ 51. Kh4 Rxg2 52. Rf6 Rg1 53. Kxh5 Rd1 54. Be3 d2 55. Bxd2 Rxd2 56. f4 Kg7 57. Kg5 Rg2+ 58. Kf5 Bd7+ 59. Ke4 Bc6+ 60. Kd4 Re2 61. Kc5 Rc2+ 62. Kb6 Rb2 63. Kc5 Rc2+ 64. Kb6 Rc4 65. b5 Rb4 66. Rxc6 bxc6 67. Kxc6 Rxf4 68. b6 Rc4+ 69. Kb5 Re4 70. b7 Rxe5+ 71. Kc6 Re8 72. Kc7 Re7+ 73. Kc6 Rxb7 74. Kxb7 1/2-1/2


[Site "https://www.chess.com"]

[Event "Titled Tuesday Blitz March 21 Late 2023"]
[White "Kuznetsov, Felix"]
[Black "Terry, Renato"]
[WhiteFideId "34147990"]
[BlackFideId "3803457"]
[WhiteElo "2235"]
[BlackElo "2579"]
[Result "1/2-1/2"]
[Round "09"]
[TimeControl "180+2"]
[Date "2023.03.21"]
[WhiteClock "0:00:08"]
[BlackClock "0:00:04"]

1. e4 e6 2. d4 d5 3. Nd2 Be7 4. Ngf3 Nf6 5. e5 Nfd7 6. Bd3 c5 7. c3 Nc6 8. O-O g5 9. Nb1 h5 10. Be3 g4 11. Ne1 Qb6 12. Qd2 cxd4 13. cxd4 a5 14. Nc3 a4 15. Nc2 Nb4 16. Nxb4 Bxb4 17. Qc2 Bxc3 18. Qxc3 Qa5 19. Qc2 Nb6 20. Rac1 Bd7 21. Qc7 Nc4 22. Qxb7 Bc8 23. Qc6+ Bd7 24. Qb7 O-O 25. Qxd7 Ra7 26. Qc6 Rc7 27. Rxc4 dxc4 28. Qe4 cxd3 29. Bh6 f5 30. exf6 Rxf6 31. Bf4 Rcf7 32. Be5 Rf5 33. Qxd3 Qd5 34. Qe3 Kh7 35. h4 Qxa2 36. Rc1 Qxb2 37. Rc8 Qxf2+ 38. Qxf2 Rxf2 39. Rh8+ Kg6 40. Rg8+ Kh7 41. Rh8+ Kg6 42. Rg8+ Kf5 43. Kxf2 Ke4+ 44. Ke2 Ra7 45. Rb8 a3 46. Rb1 a2 47. Ra1 Ra3 48. Bh8 g3 49. Kd2 Kf4 50. Be5+ Kg4 51. Kc2 Kxh4 52. Kb2 Ra6 53. Rxa2 Rxa2+ 54. Kxa2 Kg4 55. Kb3 h4 56. Kc4 h3 57. gxh3+ Kxh3 58. d5 g2 59. Bd4 exd5+ 60. Kxd5 Kh2 61. Ke4 g1=Q 62. Bxg1+ 1/2-1/2


[Site "https://www.chess.com"]

[Event "Titled Tuesday Blitz March 21 Late 2023"]
[White "Costachi, Mihnea"]
[Black "Skvortsov, Andrei"]
[WhiteFideId "1217518"]
[BlackFideId "24108600"]
[WhiteElo "2456"]
[BlackElo "2259"]
[Result "0-1"]
[Round "09"]
[TimeControl "180+2"]
[Date "2023.03.21"]
[WhiteClock "0:00:04"]
[BlackClock "0:00:13"]

1. d4 g6 2. c4 Bg7 3. Nc3 e6 4. e4 Ne7 5. Nf3 d5 6. cxd5 exd5 7. e5 Nd7 8. Bg5 f6 9. exf6 Nxf6 10. Be2 O-O 11. O-O c6 12. Ne5 Nf5 13. Qd2 Nd6 14. Bf3 Bf5 15. Rfe1 Qb6 16. Bxf6 Bxf6 17. Na4 Qc7 18. Nc5 Rae8 19. b3 Bc8 20. Rac1 Nf5 21. Ncd3 Qg7 22. Qb4 Be7 23. Qc3 Bd6 24. Bg4 Nxd4 25. Bxc8 Bxe5 26. Nxe5 Rxe5 27. Bg4 h5 28. Bd1 Qf6 29. Rf1 Re2 30. Qg3 h4 31. Qg4 Rxf2 32. Bf3 Nxf3+ 33. gxf3 Rxa2 34. Rce1 Qf5 35. Qxh4 g5 36. Qh6 Qf6 37. Qh5 Rd2 38. Kh1 Rd4 39. Re3 Rh4 40. Qxh4 gxh4 41. Rg1+ Kh7 42. Rg4 Rg8 43. Kg2 Rxg4+ 44. fxg4 Qg5 45. Kf3 Kg7 46. Re6 d4 47. Rd6 Qc5 48. Rd7+ Kf6 49. Ke4 Qe5+ 50. Kd3 Qe3+ 51. Kc2 Qc3+ 52. Kb1 d3 53. Rd6+ Ke5 54. Rxd3 Qxd3+ 0-1


[Site "https://www.chess.com"]

[Event "Titled Tuesday Blitz March 21 Late 2023"]
[White "Vlassov, Nikolai"]
[Black "Galaktionov, Artem"]
[WhiteFideId "4103360"]
[BlackFideId "24175471"]
[WhiteElo "2324"]
[BlackElo "2340"]
[Result "0-1"]
[Round "09"]
[TimeControl "180+2"]
[Date "2023.03.21"]
[WhiteClock "0:00:03"]
[BlackClock "0:00:20"]

1. e4 c6 2. d4 g6 3. Bf4 d6 4. Nc3 Bg7 5. Qd2 Nd7 6. O-O-O Qa5 7. Kb1 e5 8. dxe5 dxe5 9. Be3 Ngf6 10. h4 Ng4 11. h5 Nxe3 12. Qxe3 Qc5 13. Qf3 b5 14. Nh3 Qe7 15. Qe3 Qc5 16. Qf3 Qe7 17. Qe3 Nb6 18. h6 Bf6 19. f3 Be6 20. g4 O-O 21. g5 Bh8 22. Nf2 b4 23. Ne2 Nc4 24. Qc1 a5 25. Ng3 a4 26. Bxc4 Bxc4 27. Ng4 Qe6 28. Rhg1 Bxa2+ 29. Ka1 Bc4 30. Nf5 Rfd8 31. Nfe3 Be2 32. Rd2 Bxf3 33. Rf2 Bxe4 34. Re1 b3 35. c4 a3 36. bxa3 Bf5 37. Nxf5 gxf5 38. Nf6+ Bxf6 39. gxf6 Qxf6 40. Rg1+ Kf8 41. Qg5 Qxg5 42. Rxg5 Rxa3+ 43. Kb1 Rd1+ 44. Kb2 Ra2+ 45. Kxb3 Rxf2 0-1


[Site "https://www.chess.com"]

[Event "Titled Tuesday Blitz March 21 Late 2023"]
[White "O`Gorman, Tom"]
[Black "Raja Rithvik R"]
[WhiteFideId "2508249"]
[BlackFideId "35007394"]
[WhiteElo "2271"]
[BlackElo "2402"]
[Result "0-1"]
[Round "09"]
[TimeControl "180+2"]
[Date "2023.03.21"]
[WhiteClock "0:01:31"]
[BlackClock "0:01:41"]

1. d4 Nf6 2. c4 e6 3. Nf3 d5 4. Nc3 a6 5. cxd5 exd5 6. Bg5 Be6 7. e3 Nbd7 8. Bd3 Bd6 9. O-O O-O 10. e4 dxe4 11. Nxe4 Be7 12. Qe2 Re8 13. Bh4 h6 14. Rfe1 Nd5 15. Bxe7 Qxe7 16. Qd2 Rad8 17. Rac1 c6 18. Nc5 Nxc5 19. dxc5 Qf6 20. Bb1 Nf4 21. Qb4 Bd5 22. Be4 Bxe4 23. Rxe4 Nd3 24. Rxe8+ Rxe8 25. Qc3 Nxc1 26. Qxc1 Re2 0-1


[Site "https://www.chess.com"]

[Event "Titled Tuesday Blitz March 21 Late 2023"]
[White "Bartel, Mateusz"]
[Black "Taboas Rodriguez, Daniel"]
[WhiteFideId "1112635"]
[BlackFideId "2208466"]
[WhiteElo "2521"]
[BlackElo "2365"]
[Result "1-0"]
[Round "09"]
[TimeControl "180+2"]
[Date "2023.03.21"]
[WhiteClock "0:00:04"]
[BlackClock "0:00:11"]

1. e4 e5 2. f4 Nc6 3. Nf3 f5 4. d4 fxe4 5. Nxe5 Nf6 6. Bc4 d5 7. Be2 Bd6 8. O-O O-O 9. c3 Ne7 10. Na3 c6 11. Nc2 Qe8 12. Ne3 h5 13. Bd2 Nf5 14. Qe1 Be6 15. Nxf5 Bxf5 16. Qh4 g6 17. h3 Be7 18. Qg3 Kh7 19. Be3 Nd7 20. Qh2 Nxe5 21. fxe5 h4 22. Qf4 Kg8 23. Bg4 g5 24. Qxf5 Rxf5 25. Rxf5 Qg6 26. Raf1 Rf8 27. Rxf8+ Bxf8 28. Rf6 Qg7 29. Be6+ Kh8 30. Rf7 Qh6 31. Rf6 Qg7 32. Rf7 Qh6 33. Bf5 Bg7 34. Rxb7 Kg8 35. Rb8+ Kf7 36. e6+ Kf6 37. Bg4 Bf8 38. Rc8 Bd6 39. Rxc6 Qf8 40. c4 Bf4 41. Bxf4 gxf4 42. cxd5 Qb4 43. d6 Qe1+ 44. Kh2 Qg3+ 45. Kh1 f3 46. gxf3 exf3 47. Rc2 f2 48. Rxf2+ Qxf2 49. e7 Qe1+ 50. Kg2 Kg5 51. Kf3 Kf6 52. Kf4 Qf2+ 53. Ke4 Qc2+ 54. Kd5 Qxb2 55. e8=Q Qxa2+ 56. Kc5 Qa3+ 57. Kc4 Qa2+ 58. Kb4 Qb2+ 59. Ka5 Qc3+ 60. Ka6 Qa3+ 61. Kb7 Qxd6 62. Qe4 Qb6+ 63. Ka8 a5 64. Qe5+ Kf7 65. Bh5+ Kf8 66. Qf5+ Kg7 67. Qe5+ Kh6 68. Bg4 Qc6+ 69. Ka7 a4 70. Qh8+ Kg5 71. Qh5+ Kf4 72. Qe5# 1-0


[Site "https://www.chess.com"]

[Event "Titled Tuesday Blitz March 21 Late 2023"]
[White "Averjanov, Alexey"]
[Black "Lamard, Guillaume"]
[WhiteFideId "14109867"]
[BlackFideId "600261"]
[WhiteElo "2794"]
[BlackElo "2413"]
[Result "1-0"]
[Round "09"]
[TimeControl "180+2"]
[Date "2023.03.21"]
[WhiteClock "0:00:38"]
[BlackClock "0:00:18"]

1. d4 Nf6 2. c4 e6 3. Nf3 d5 4. e3 c6 5. Nbd2 Be7 6. Bd3 Nbd7 7. O-O O-O 8. e4 dxe4 9. Nxe4 b6 10. b3 Bb7 11. Bb2 c5 12. Qe2 cxd4 13. Nxd4 Ne5 14. Bc2 Ng6 15. Rad1 Qb8 16. Ng5 Bxg2 17. Bxg6 hxg6 18. Kxg2 Nh5 19. Qg4 Nf4+ 20. Kh1 Qb7+ 21. Qf3 Qc7 22. Nb5 Qc5 23. Ne4 Qf5 24. Ng3 Qg5 25. Bc1 e5 26. Nc7 Rad8 27. Nd5 Bd6 28. Ne4 Qf5 29. Nxd6 Nxd5 30. Nxf5 1-0


[Site "https://www.chess.com"]

[Event "Titled Tuesday Blitz March 21 Late 2023"]
[White "Kurtz, Eric M"]
[Black "Pakleza, Zbigniew"]
[WhiteFideId "30939763"]
[BlackFideId "1119290"]
[WhiteElo "2631"]
[BlackElo "2410"]
[Result "0-1"]
[Round "09"]
[TimeControl "180+2"]
[Date "2023.03.21"]
[WhiteClock "0:01:58"]
[BlackClock "0:02:22"]

1. c4 c6 2. g3 d5 3. Nf3 Nf6 4. Bg2 Bf5 5. Qb3 Qb6 6. d3 e6 7. Be3 Qxb3 8. axb3 a6 9. Bd2 Nbd7 10. Bc3 Bd6 11. Nbd2 h6 12. O-O O-O 13. b4 e5 14. c5 Bc7 15. Nb3 e4 16. Nfd4 Bg6 17. dxe4 Nxe4 18. Bh3 Ne5 19. f4 Nc4 20. f5 Bh7 21. Rf3 Ng5 22. Kf2 Nxh3+ 0-1


[Site "https://www.chess.com"]

[Event "Titled Tuesday Blitz March 21 Late 2023"]
[White "Holt, Conrad"]
[Black "Papp, Levente"]
[WhiteFideId "2034387"]
[BlackFideId "751243"]
[WhiteElo "2592"]
[BlackElo "2380"]
[Result "1-0"]
[Round "09"]
[TimeControl "180+2"]
[Date "2023.03.21"]
[WhiteClock "0:00:33"]
[BlackClock "0:00:02"]

1. d4 e6 2. c4 Nf6 3. Nc3 Bb4 4. Qc2 O-O 5. e4 d6 6. Bd3 c5 7. a3 Bxc3+ 8. bxc3 e5 9. Ne2 Nc6 10. d5 Na5 11. O-O b6 12. Ng3 Ba6 13. f4 Nd7 14. Nf5 Qc7 15. Rf3 g6 16. Nh6+ Kh8 17. f5 Bxc4 18. Bxc4 Nxc4 19. Qe2 b5 20. a4 Na5 21. axb5 Nb3 22. Rb1 Nxc1 23. Rxc1 c4 24. fxg6 fxg6 25. Nf7+ Kg7 26. Ng5 Nc5 27. Qxc4 Rxf3 28. Nxf3 Rf8 29. Ra1 Qb6 30. Kh1 Rf4 31. Ng5 Qc7 32. g3 Rf6 33. Ne6+ Nxe6 34. Qxc7+ Nxc7 35. Rxa7 Rf7 36. b6 Na6 37. Rxa6 Kh6 38. Ra7 Rf1+ 39. Kg2 Rb1 40. b7 Kg5 41. Kf3 h5 42. h4+ Kf6 43. Ke2 1-0


[Site "https://www.chess.com"]

[Event "Titled Tuesday Blitz March 21 Late 2023"]
[White "Manukyan, Sargis V."]
[Black "Adewumi, Tanitoluwa"]
[WhiteFideId "13303465"]
[BlackFideId "30966396"]
[WhiteElo "2236"]
[BlackElo "2759"]
[Result "0-1"]
[Round "09"]
[TimeControl "180+2"]
[Date "2023.03.21"]
[WhiteClock "0:00:04"]
[BlackClock "0:00:17"]

1. d4 Nf6 2. c4 e6 3. Nc3 Bb4 4. Bd2 O-O 5. Nf3 b6 6. e3 Bb7 7. Bd3 d6 8. O-O Nbd7 9. Qc2 Re8 10. e4 e5 11. d5 Nc5 12. a3 Bxc3 13. Bxc3 Bc8 14. h3 a5 15. b4 axb4 16. axb4 Rxa1 17. Rxa1 Nxd3 18. Qxd3 Nh5 19. Bd2 Qf6 20. Ra7 Qe7 21. Bg5 f6 22. Be3 f5 23. Bxb6 Nf4 24. Qe3 fxe4 25. Rxc7 Qf6 26. Qxe4 Bf5 27. Qe3 Qg6 28. Nh4 Qg5 29. g3 Nxh3+ 30. Kh2 Qh5 31. Qf3 Bg4 32. Qg2 e4 33. Be3 g5 34. c5 gxh4 35. gxh4 Qxh4 36. Qg3 Qh5 37. cxd6 Nf4+ 38. Kg1 Ne2+ 39. Kg2 Nxg3 40. Kxg3 Bf3 41. d7 Qg4+ 42. Kh2 Qg2# 0-1


[Site "https://www.chess.com"]

[Event "Titled Tuesday Blitz March 21 Late 2023"]
[White "Mendez Fortes, Eduardo Jesus"]
[Black "Postny, Evgeny"]
[WhiteFideId "3502376"]
[BlackFideId "2804344"]
[WhiteElo "2307"]
[BlackElo "2509"]
[Result "0-1"]
[Round "09"]
[TimeControl "180+2"]
[Date "2023.03.21"]
[WhiteClock "0:00:17"]
[BlackClock "0:00:03"]

1. e4 c5 2. Nf3 d6 3. d4 cxd4 4. Nxd4 Nf6 5. Nc3 Nc6 6. Bg5 Bd7 7. Qd2 Qa5 8. Nb3 Qb6 9. O-O-O e6 10. f4 h6 11. Bh4 Ng4 12. Be2 Nf2 13. Na4 Qb4 14. Qxb4 Nxb4 15. Bxf2 Bxa4 16. Rd4 Bxb3 17. Bb5+ Nc6 18. axb3 a6 19. Bxc6+ bxc6 20. Ra4 g5 21. g3 gxf4 22. gxf4 Rg8 23. Bg3 d5 24. exd5 cxd5 25. Kd2 Bd6 26. Rha1 a5 27. Ke3 Rc8 28. Rxa5 Ke7 29. Bh4+ Kf8 30. Bf6 Rg6 31. Ra8 Bxf4+ 32. Kd3 Re8 33. Bd4 Rxa8 34. Rxa8+ Ke7 35. Ra7+ Ke8 36. Bc5 e5 37. Re7+ Kd8 38. Rxf7 Bxh2 39. b4 Rg3+ 40. Ke2 Rg2+ 41. Kd1 Bg1 42. Rf5 Bxc5 43. bxc5 Rg1+ 44. Kd2 Rg2+ 45. Kc3 d4+ 46. Kd3 Rg3+ 47. Kc4 Re3 48. Rf7 Re2 49. Kd5 Rxc2 0-1


[Site "https://www.chess.com"]

[Event "Titled Tuesday Blitz March 21 Late 2023"]
[White "Santos Ruiz, Miguel"]
[Black "The_Sherman_Variation"]
[WhiteFideId "22291482"]
[WhiteElo "2504"]
[BlackElo "2565"]
[Result "1-0"]
[Round "09"]
[TimeControl "180+2"]
[Date "2023.03.21"]
[WhiteClock "0:01:28"]
[BlackClock "0:00:19"]

1. e4 b6 2. d4 Bb7 3. Bd3 g6 4. Nf3 Bg7 5. O-O d6 6. Re1 Nf6 7. c4 O-O 8. Nc3 Nbd7 9. h3 e5 10. d5 h6 11. g3 Nh7 12. Nh4 a5 13. Bc2 Nc5 14. Be3 Bc8 15. Kh2 Ng5 16. f4 Nxh3 17. f5 Ng5 18. Rf1 Kh7 19. Nf3 Nxf3+ 20. Qxf3 Bf6 21. Kg2 g5 22. Rh1 Kg7 23. Nd1 a4 24. Nf2 Ba6 25. Ng4 Rh8 26. Rh5 Bxc4 27. Rah1 Nd7 28. Nxh6 Bxa2 29. Qg4 Kf8 30. Nxf7 Kxf7 31. Rxh8 Bxh8 32. Qh5+ Ke7 33. Qh7+ Kf6 34. Qg6+ Ke7 35. Rh7+ 1-0


[Site "https://www.chess.com"]

[Event "Titled Tuesday Blitz March 21 Late 2023"]
[White "Martic, Ivan"]
[Black "Bilych, Olexiy"]
[WhiteFideId "929301"]
[BlackFideId "14156504"]
[WhiteElo "2360"]
[BlackElo "2320"]
[Result "0-1"]
[Round "09"]
[TimeControl "180+2"]
[Date "2023.03.21"]
[WhiteClock "0:00:32"]
[BlackClock "0:00:26"]

1. d4 Nf6 2. Bg5 e6 3. Nd2 h6 4. Bh4 c5 5. e3 b6 6. Ngf3 Bb7 7. c3 Be7 8. Bxf6 Bxf6 9. h4 g6 10. Bd3 d6 11. Qe2 Qe7 12. O-O-O Bg7 13. g4 Nc6 14. Kb1 O-O-O 15. Ba6 Kb8 16. Bxb7 Qxb7 17. g5 h5 18. Rhe1 Rhe8 19. Qb5 a6 20. Qb3 d5 21. Qc2 c4 22. e4 b5 23. exd5 exd5 24. Nf1 b4 25. Rxe8 Rxe8 26. Ne3 bxc3 27. Qxc3 Nb4 28. Ne5 Re6 29. f4 Rb6 30. a3 Bxe5 31. fxe5 Nd3 32. Rd2 Rb3 33. Qc2 Nxb2 34. Ka2 Na4 35. Nd1 Qe7 36. Qc1 Qb7 37. Rf2 Rd3 38. Qc2 Rxd1 39. Rxf7 Nc3+ 40. Qxc3 Qb1# 0-1


[Site "https://www.chess.com"]

[Event "Titled Tuesday Blitz March 21 Late 2023"]
[White "Remolar Gallen, Jose"]
[Black "Fernandez Guillen, Ernesto J."]
[WhiteFideId "2215187"]
[BlackFideId "3512428"]
[WhiteElo "2223"]
[BlackElo "2423"]
[Result "1/2-1/2"]
[Round "09"]
[TimeControl "180+2"]
[Date "2023.03.21"]
[WhiteClock "0:00:03"]
[BlackClock "0:00:09"]

1. e4 e5 2. Nf3 Nc6 3. Bb5 f5 4. Nc3 fxe4 5. Nxe4 d5 6. Ng3 Bd6 7. d4 e4 8. Ne5 Ne7 9. Qh5+ g6 10. Qh6 Bxe5 11. dxe5 Be6 12. Bg5 Qd7 13. O-O-O O-O-O 14. Bf6 a6 15. Bxc6 Qxc6 16. Bxe7 Rd7 17. Bf6 Re8 18. Qe3 Qb5 19. Qa7 c5 20. Qa8+ Kc7 21. Qxe8 Bf7 22. Qf8 Qc4 23. Kb1 Qb5 24. e6 Bxe6 25. Be5+ Kb6 26. Rhe1 Qc4 27. b3 Qb5 28. Qe8 Qc6 29. Ne2 d4 30. Nf4 Bf5 31. h3 h5 32. Rg1 d3 33. cxd3 exd3 34. g4 hxg4 35. hxg4 Be4 36. Bc3 g5 37. Nh3 d2+ 38. Kb2 Bg6 39. Qe5 Rd5 40. Qe3 Rd3 41. Qe2 Rxc3 42. Kxc3 Qd6 43. Kb2 Qd4+ 44. Ka3 Qb4+ 45. Kb2 Qd4+ 46. Ka3 Qb4+ 47. Kb2 Qd4+ 1/2-1/2


[Site "https://www.chess.com"]

[Event "Titled Tuesday Blitz March 21 Late 2023"]
[White "Gadimbayli, Abdulla"]
[Black "cryptoguru02"]
[WhiteFideId "13404938"]
[WhiteElo "2390"]
[BlackElo "2524"]
[Result "1-0"]
[Round "09"]
[TimeControl "180+2"]
[Date "2023.03.21"]
[WhiteClock "0:00:28"]
[BlackClock "0:00:16"]

1. Nf3 g6 2. g3 Bg7 3. Bg2 e5 4. O-O d5 5. d3 Ne7 6. e4 O-O 7. Re1 dxe4 8. dxe4 h6 9. c3 Be6 10. Be3 c6 11. Nbd2 Nd7 12. Qc2 Qc7 13. Rad1 Rfd8 14. Bf1 Nb6 15. Nb3 Nc4 16. Bc1 b6 17. Nbd2 Nxd2 18. Bxd2 Rd7 19. Be3 Rad8 20. Be2 f6 21. Rxd7 Rxd7 22. Nd2 Bf8 23. Bc4 Bxc4 24. Nxc4 h5 25. a4 Nc8 26. Qb3 Kg7 27. Rd1 Nd6 28. Nd2 Nb7 29. Qc2 Bc5 30. Nc4 Bxe3 31. Nxe3 Nc5 32. f3 Rxd1+ 33. Qxd1 Qd7 34. Qxd7+ Nxd7 35. b4 Kf7 36. Kf2 Ke6 37. Ke2 f5 38. Kd3 f4 39. Ng2 g5 40. Ke2 Nf6 41. gxf4 gxf4 42. Nh4 Ne8 43. Nf5 Nd6 44. Nxd6 Kxd6 45. Kd3 b5 46. axb5 cxb5 47. c4 bxc4+ 48. Kxc4 Kc6 49. b5+ Kb6 50. Kb4 h4 51. h3 Kb7 52. Ka5 Kb8 53. Ka6 Ka8 54. b6 axb6 55. Kxb6 Kb8 56. Kc6 Kc8 57. Kd6 Kd8 58. Kxe5 Ke7 59. Kxf4 Kf6 60. Kg4 Ke5 61. Kxh4 Kf4 62. Kh5 Ke5 63. Kg5 Ke6 64. h4 Kf7 65. h5 Kg8 66. h6 Kh8 67. f4 Kh7 68. f5 Kg8 69. e5 Kf7 70. f6 Kg8 71. Kg6 Kh8 72. e6 Kg8 73. e7 Kh8 74. e8=Q# 1-0


[Site "https://www.chess.com"]

[Event "Titled Tuesday Blitz March 21 Late 2023"]
[White "Bruedigam, Martin"]
[Black "Hamitevici, Vladimir"]
[WhiteFideId "24608033"]
[BlackFideId "13902393"]
[WhiteElo "2331"]
[BlackElo "2401"]
[Result "1-0"]
[Round "09"]
[TimeControl "180+2"]
[Date "2023.03.21"]
[WhiteClock "0:00:31"]
[BlackClock "0:00:12"]

1. d4 Nf6 2. c4 c5 3. d5 b5 4. cxb5 a6 5. bxa6 g6 6. Nc3 Bg7 7. e4 O-O 8. Bd3 Qa5 9. Ne2 Bxa6 10. O-O d6 11. a4 Nbd7 12. Bxa6 Qxa6 13. Qc2 Rfb8 14. Rb1 Ne5 15. b3 Qd3 16. Qxd3 Nxd3 17. f3 Nd7 18. Bg5 Kf8 19. Rfd1 Nb4 20. Bd2 Ne5 21. Nb5 Ned3 22. Bc3 Rc8 23. Bxg7+ Kxg7 24. Nc1 Ne5 25. Nc3 f5 26. N1e2 c4 27. bxc4 Rxc4 28. Rd4 Rac8 29. Rxb4 Rxc3 30. Nxc3 Rxc3 31. a5 fxe4 32. fxe4 Nd3 33. Rxd3 Rxd3 34. Ra4 Rb3 35. a6 Rb8 36. a7 Ra8 37. Kf2 Kf6 38. Ke3 Ke5 39. Kd3 g5 40. g3 g4 41. Kc4 Kxe4 42. Kb5+ Kxd5 43. Kb6 h5 44. Ra5+ Kc4 45. Rxh5 e6 46. Rh6 Kd5 47. Rg6 e5 48. Rxg4 e4 49. Rg7 e3 50. Re7 Kd4 51. Kb7 Rxa7+ 52. Kxa7 d5 53. h4 Kd3 54. h5 e2 55. h6 Kd2 56. h7 1-0


[Site "https://www.chess.com"]

[Event "Titled Tuesday Blitz March 21 Late 2023"]
[White "Mazurkiewicz, Michal"]
[Black "Vetoshko, Volodymyr"]
[WhiteFideId "1124943"]
[BlackFideId "14122480"]
[WhiteElo "2054"]
[BlackElo "2422"]
[Result "0-1"]
[Round "09"]
[TimeControl "180+2"]
[Date "2023.03.21"]
[WhiteClock "0:00:06"]
[BlackClock "0:00:09"]

1. e4 c5 2. Nf3 e6 3. d3 Nc6 4. g3 g6 5. Bg2 Bg7 6. O-O Nge7 7. Re1 O-O 8. e5 Qc7 9. Qe2 Nd4 10. Nxd4 cxd4 11. Na3 Nc6 12. Bf4 g5 13. Bxg5 Nxe5 14. Bf4 f6 15. Bxe5 fxe5 16. Be4 d5 17. Bg2 Bd7 18. Qh5 b5 19. Rac1 Rf5 20. Qxf5 exf5 21. Bxd5+ Kf8 22. Bxa8 h5 23. Bg2 h4 24. c3 dxc3 25. Rxc3 Qd6 26. Rcc1 hxg3 27. hxg3 Qd4 28. Nc2 Qxb2 29. Ne3 f4 30. gxf4 exf4 31. Nd5 Bd4 32. Rf1 Bxf2+ 33. Rxf2 Qxc1+ 34. Rf1 Qc5+ 35. Kh1 Bc6 36. Rxf4+ Kg7 37. Rf5 Qc1+ 38. Kh2 Qh6+ 39. Kg1 Bxd5 40. Rxd5 Qe3+ 41. Kh2 b4 42. Be4 Qd2+ 43. Kg3 Qxa2 44. Rd7+ Kf6 45. Rd6+ Ke5 46. Rh6 Kd4 47. Rd6+ Ke3 48. Kg4 Qg8+ 49. Kf5 Qf8+ 50. Ke5 Qe7+ 51. Re6 Qc5+ 52. Kf6 Kd2 53. Re5 Qd4 54. Ke6 b3 55. Rd5 Qc3 56. Kd6 b2 57. Rc5 Qxc5+ 58. Kxc5 b1=Q 59. d4 Qc1+ 60. Kd5 Ke3 61. Bf5 Qd2 62. Be6 Qxd4+ 63. Kc6 Qb6+ 64. Kd7 a5 65. Bd5 Kd4 66. Bc6 Ke5 67. Ba4 Qd6+ 68. Kc8 Qe7 69. Bd7 Kd6 70. Kb8 Qxd7 71. Ka8 Kc6 72. Kb8 Qb7# 0-1


[Site "https://www.chess.com"]

[Event "Titled Tuesday Blitz March 21 Late 2023"]
[White "Zamorano, Jorge"]
[Black "Jovic, Stanoje"]
[WhiteFideId "173770"]
[BlackFideId "905020"]
[WhiteElo "2331"]
[BlackElo "2236"]
[Result "1-0"]
[Round "09"]
[TimeControl "180+2"]
[Date "2023.03.21"]
[WhiteClock "0:00:04"]
[BlackClock "0:00:04"]

1. e4 c6 2. Nc3 d5 3. Nf3 Nf6 4. e5 Ne4 5. Ne2 Qb6 6. d4 f6 7. Ng3 Bg4 8. Be2 Bxf3 9. Bxf3 fxe5 10. Nxe4 dxe4 11. Bxe4 Qxd4 12. Qh5+ g6 13. Bxg6+ hxg6 14. Qxh8 Qe4+ 15. Be3 Qb4+ 16. c3 Qxb2 17. O-O Qxc3 18. Rac1 Qa5 19. Qg8 Qd5 20. Qxd5 cxd5 21. Rc8+ Kf7 22. Rfc1 d4 23. Bd2 Bg7 24. f3 Ke6 25. Kf2 e4 26. fxe4 Be5 27. Kf3 a5 28. Bf4 Bxf4 29. Kxf4 g5+ 30. Kf3 b5 31. R1c7 Na6 32. Rc6+ Kd7 33. Rxa8 Nb4 34. Rc5 Nxa2 35. Rxb5 Nc3 36. Rbxa5 g4+ 37. Kxg4 Nd1 38. Rd5+ Ke6 39. Rxd4 Ne3+ 40. Kf3 Nc2 41. Ra6+ Kf7 42. Rc4 Ne1+ 43. Kf2 Nd3+ 44. Ke3 Ne1 45. Ra2 1-0


[Site "https://www.chess.com"]

[Event "Titled Tuesday Blitz March 21 Late 2023"]
[White "Popov, Mikhail"]
[Black "Szente Varga, Fruzsina"]
[WhiteFideId "4146182"]
[BlackFideId "712264"]
[WhiteElo "2270"]
[BlackElo "1994"]
[Result "0-1"]
[Round "09"]
[TimeControl "180+2"]
[Date "2023.03.21"]
[WhiteClock "0:00:03"]
[BlackClock "0:00:26"]

1. c4 e5 2. g3 g6 3. Bg2 Bg7 4. Nc3 Ne7 5. e4 O-O 6. Nge2 d6 7. O-O Be6 8. d3 Qd7 9. f4 f5 10. exf5 Bxf5 11. Bxb7 Nbc6 12. Bxa8 Rxa8 13. Be3 Bh3 14. Re1 Nf5 15. Bf2 Bg4 16. Qd2 Bh6 17. Nd5 Rf8 18. b4 exf4 19. Nexf4 Ne5 20. Kg2 Nf3 21. Qc2 Nxe1+ 22. Rxe1 c6 23. Ne3 Nd4 24. Qb2 Bf3+ 25. Kg1 c5 26. Ned5 Bg7 27. Re7 Qg4 28. Rxg7+ Kxg7 29. Bxd4+ cxd4 30. Qxd4+ Kh6 31. Ne3 Qg5 32. Ne6 Qf6 33. Qxf6 Rxf6 34. Nf4 g5 35. Nfd5 Bxd5 36. Nxd5 Rf3 37. b5 Rxd3 38. Ne7 Rd2 39. a4 Kg7 40. Nf5+ Kf6 41. Ne3 Ke5 42. a5 Ke4 43. b6 axb6 44. axb6 Kxe3 45. c5 dxc5 0-1


[Site "https://www.chess.com"]